 Dungeon Crawl Stone Soup version 0.27.1 (webtiles) character file.

Game seed: 976690536537887148

1152 hawla the Covert (level 8, -1/43 (48) HPs)
             Began as a Deep Elf Delver on Aug 23, 2021.
             Slain by a wight (6 damage)
             ... on level 6 of the Dungeon on Aug 24, 2021.
             The game lasted 00:20:42 (8543 turns).

hawla the Covert (Deep Elf Delver)                  Turns: 8543, Time: 00:20:43

HP:   -1/43 (48)    AC:  2    Str:  9    XL:     8   Next: 16%
MP:   12/12         EV: 17    Int: 23    God:
Gold: 329           SH:  0    Dex: 16    Spells: 4/10 levels left

rFire    . . .     SeeInvis .   n - +4 war axe of the Hungering Ancients {freeze, Int+5 Stlth+}
rCold    + + .     Faith    .   (no shield)
rNeg     . . .     Spirit   .   t - +0 robe {rC+}
rPois    .         Reflect  .   (no helmet)
rElec    .         Harm     .   (no cloak)
rCorr    .         Rampage  .   (no gloves)
Will     .....                  (no boots)
Stlth    +++++.....             k - amulet of magic regeneration
HPRegen  0.14/turn              p - ring of protection from cold
MPRegen  0.38/turn              a - +4 ring of evasion

@: mighty, studying Axes, heavily drained
A: no striking features
a: no special abilities


You were on level 6 of the Dungeon.
You visited 1 branch of the dungeon, and saw 6 of its levels.

You collected 329 gold pieces.

Inventory:

Hand Weapons
 n - the +4 war axe of the Hungering Ancients (weapon) {freeze, Int+5 Stlth+}
   (You found it on level 4 of the Dungeon)

   It freezes those it strikes, dealing additional cold damage.
   It can also slow down cold-blooded creatures.
   Int:       It affects your intelligence (+5).
   Stlth:     It makes you more stealthy.
Missiles
 b - 4 silver boomerangs
 l - 2 boomerangs (quivered)
 q - 6 atropa-tipped darts
Armour
 t - a +0 robe of cold resistance (worn)
Jewellery
 a - a +4 ring of evasion (right hand)
 e - a ring of positive energy
 k - an amulet of magic regeneration (around neck)
 m - a ring of ice
 p - a ring of protection from cold (left hand)
 r - a ring of wizardry
Wands
 g - a wand of digging (3)
 j - a wand of mindburst (14)
 o - a wand of flame (19)
Scrolls
 c - 2 scrolls of fog
 d - a scroll of magic mapping
 h - a scroll of identify
 s - a scroll of teleportation
Potions
 f - a potion of cancellation


   Skills:
 - Level 4.0 Fighting
 - Level 3.9 Short Blades
 + Level 5.7 Axes
 - Level 1.0 Throwing
 - Level 4.0 Dodging
 - Level 9.0 Stealth
 + Level 1.9 Spellcasting
 + Level 1.1 Transmutations
 + Level 1.2 Poison Magic
 - Level 1.0 Evocations


You had 4 spell levels left.
You knew the following spells:

 Your Spells              Type           Power      Damage    Failure   Level
a - Apportation           Tloc           4%         N/A       13%         1
b - Alistair's Intoxicat  Tmut/Pois      4%         N/A       92%         5

Your spell library contained the following spells:

 Spells                   Type           Power      Damage    Failure   Level
 Invisibility             Hex            1%         N/A       100%        6


Dungeon Overview and Level Annotations

Branches:
Dungeon (6/15)
 Temple: D:4-7

Altars:
Trog
Wu Jian
Zin

Annotations:
D:4 dig the moth -- and the angel


Message History

You closely miss the shadow imp.
The shadow imp is heavily wounded.
The shadow imp misses you.
You slash the shadow imp!
You kill the shadow imp!
A wight comes into view.
It is wielding a +6 falchion of freezing.
A wight is nearby!
A wight is nearby!
A wight is nearby!
A wight is nearby!
A wight is nearby!
A wight comes into view. It is wielding a +0 morningstar.
A wight comes into view. It is wielding a +0 scimitar.
You hit the wight.
The wight is moderately damaged.
You barely miss the wight. The wight closely misses you.
The wight hits you with a +6 falchion of freezing!
You feel drained.
You completely miss the wight.
The wight is moderately damaged.
You closely miss the wight.
The wight hits you with a +0 morningstar!
You feel drained.
The wight hits you with a +6 falchion of freezing!
* * * LOW HITPOINT WARNING * * *
You feel drained.
* * * LOW HITPOINT WARNING * * *
The wight freezes you.
* * * LOW HITPOINT WARNING * * *
It was a potion of might.
You feel very mighty all of a sudden. The wight barely misses you.
You hit the wight.
The wight is heavily damaged.
You hit the wight. You closely miss the wight. The wight misses you. x3
You slash the wight!
You destroy the wight!
You barely miss the wight. You hit the wight.
The wight hits you with a +0 scimitar.
You die...

...... ... .#.. ###.#.
#..#.#.# # #.#.
#....#.# #. #.#.
#......# #.###.#.
#......# #.#.......
#####..#... ........#.
......z#z## #.####..#.
#..)@..# #..#.
#.###.#.#### #..## #
#.#.......###..#
#.#.###.#.####.......#
#..............####.###
##.###..###.... #......
#..###.##.##.#.###
#............#.)#
#............##<#


You could see 2 wights.

Vanquished Creatures
  Sigmund (D:2)
  An ogre (D:5)
  A bullfrog (D:6)
  4 scorpions
  2 water moccasin zombies (D:5)
  A wight (D:6)
  A bullfrog zombie (D:3)
  3 hounds
  An orc priest (D:2)
  Ijyb (D:3)
  6 orc wizards
  4 adders
  A shadow imp (D:6)
  An ufetubus (D:5)
  An adder skeleton (D:4)
  A worm (D:3)
  2 dart slugs
  18 orcs
  10 endoplasms
  4 giant cockroaches
  7 goblins
  12 hobgoblins
  6 jackals
  4 quokkas
  2 ball pythons (D:1)
  3 bats
  2 frilled lizards
  8 kobolds
  A quokka skeleton (D:4)
  7 rats
116 creatures vanquished.

Vanquished Creatures (others)
  An orc (D:5)
1 creature vanquished.

Grand Total: 117 creatures vanquished

Notes
Turn   | Place    | Note
-------+----------+-------------------------------------------
     0 | D:5      | hawla the Deep Elf Delver began the quest for the Orb.
     0 | D:5      | Reached XP level 1. HP: 13/13 MP: 3/3
    23 | D:5      | Reached XP level 2. HP: 17/18 MP: 4/4
   465 | D:4      | Identified the +4 war axe of the Hungering Ancients
                  | {freeze, Int+5 Stlth+}
   827 | D:2      | Noticed Sigmund
   867 | D:2      | Reached XP level 3. HP: 22/22 MP: 5/5
   982 | D:1      | Reached skill level 7 in Stealth
  1468 | D:1      | Found a faded altar of an unknown god.
  1558 | D:1      | Reached XP level 4. HP: 27/27 MP: 6/6
  2585 | D:2      | Killed Sigmund
  2586 | D:2      | Reached skill level 8 in Stealth
  2586 | D:2      | Reached XP level 5. HP: 3/32 MP: 7/7
  2586 | D:2      | Reached XP level 6. HP: 3/37 MP: 8/8
  3656 | D:3      | Noticed Ijyb
  4594 | D:3      | Killed Ijyb
  4595 | D:3      | Reached skill level 1 in Throwing
  4773 | D:3      | Reached skill level 1 in Spellcasting
  5237 | D:4      | Noticed a moth of wrath
  5240 | D:4      | Found a bloodstained altar of Trog.
  5332 | D:4      | Found a glowing silver altar of Zin.
  5332 | D:4      | Noticed an angel
  5477 | D:4      | Learned a level 1 spell: Apportation
  5540 | D:4      | Reached skill level 1 in Evocations
  6280 | D:4      | Reached XP level 7. HP: 37/41 MP: 10/10
  6395 | D:5      | Identified a scroll of acquirement
  6397 | D:5      | Acquired a manual of Axes
  6705 | D:5      | Reached skill level 1 in Axes
  6705 | D:5      | Reached skill level 9 in Stealth
  7219 | D:5      | Reached skill level 5 in Axes
  7380 | D:5      | Reached XP level 8. HP: 29/48 MP: 11/11
  7981 | D:6      | Learned a level 5 spell: Alistair's Intoxication
  8193 | D:6      | Reached skill level 1 in Transmutations
  8193 | D:6      | Reached skill level 1 in Poison Magic
  8476 | D:6      | Found an ornate altar of the Wu Jian Council.
  8543 | D:6      | Slain by a wight

Illustrated notes

Levels and vault maps discovered:
D:1:      ncdulo_smallfort, layout_loops_ring, basic_ecumenical_altar,
          minmay_pentomino_s4
D:2:      minmay_general_purpose_star, layout_basic, uniq_sigmund
D:3:      layout_loops_ring, kennysheep_doodads, uniq_ijyb
D:4:      layout_basic, tgw_trog, zin_angel
D:5:      layout_loops_ring
D:6:      layout_loops_ring, nicolae_overflow_crystal_walls,
          mainiacjoe_overflow_small_starburst, nicolae_hepliaklqana_hazy_memory,
          kennysheep_mini, uniq_maggie, uniq_edmund

Skill      XL: |  1  2  3  4  5  6  7  8 |
---------------+-------------------------+-----
Stealth        | 7 8 9 |  9.0
Dodging        | 3 4 |  4.0
Fighting       | 3 4 |  4.0
Short Blades   | 3 |  3.9
Throwing       | 1 |  1.0
Spellcasting   | 1 |  1.9
Evocations     | 1 |  1.0
Axes           | 5 |  5.7
Transmutations | 1 |  1.1
Poison Magic   | 1 |  1.2

Action                   |  1- 3 |  4- 6 |  7- 9 || total
-------------------------+-------+-------+-------++-------
Melee: Short sword       |    18 |       |       ||    18
       Dagger            |    86 |   168 |     2 ||   256
       War axe           |       |       |    91 ||    91
Throw: Boomerang         |       |     8 |     4 ||    12
       Dart              |       |     5 |     8 ||    13
Evoke: Wand              |       |     2 |       ||     2
  Use: Scroll            |       |     9 |     4 ||    13
       Potion            |       |     6 |     2 ||     8
 Stab: Sleeping          |    12 |    11 |     4 ||    27
       Invisible         |       |     6 |       ||     6
Armor: Leather armour    |    21 |    17 |    23 ||    61
       Skin              |       |     1 |       ||     1
Dodge: Dodged            |    65 |    82 |   104 ||   251
